 Dungeon Crawl Stone Soup version 0.22-a0 (webtiles) character file.

126151 Frisk the Warrior (level 16, -8/165 HPs)
             Began as a Minotaur Berserker on Dec 31, 2017.
             Was a High Priest of Trog.
             Killed from afar by a shock serpent (19 damage)
             ... with a bolt of electricity
             ... on level 2 of the Snake Pit.
             The game lasted 01:30:29 (32234 turns).

Frisk the Warrior (Minotaur Berserker)             Turns: 32234, Time: 01:30:29

Health: -8/165     AC: 20    Str: 27    XL:     16   Next: 43%
Magic:  15/15      EV: 10    Int: 10    God:    Trog [*****.]
Gold:   674        SH: 16    Dex: 20    Spells: 15/15 levels left

rFire    . . .     SeeInvis +   y - +2 war axe of Wozep {vamp, rC+ Int+2}
rCold    + + +     Gourm    +   a - +0 shield
rNeg     . . .     Faith    .   z - +2 chain mail of a Hundred Lies {MR+ Int+2}
rPois    +         Spirit   .   M - +0 hat {MR+}
rElec    .         Reflect  .   L - +0 cloak
rCorr    .         Harm     .   (no gloves)
MR       +++..     Clarity  +   o - +0 pair of boots
Stlth    ..........             W - amulet of the gourmand
HPRegen  0.37/turn              r - ring "Boevvill" {+Blink rPois rC+++ Dex+8 Stlth-}
MPRegen  0.14/turn              t - ring of see invisible

@: no status effects
A: retaliatory headbutt, horns 2, clarity, clever 1, shaggy fur 1
a: Berserk, Trog's Hand, Brothers in Arms, Burn Spellbooks, Renounce Religion,
Evoke Blink


You were on level 2 of the Snake Pit.
You worshipped Trog.
Trog was extremely pleased with you.
You were completely stuffed.

You visited 6 branches of the dungeon, and saw 23 of its levels.
You also visited: Ossuary and Volcano.

You collected 2514 gold pieces.
You spent 1840 gold pieces at shops.

Inventory:

Hand Weapons
 y - the +2 war axe of Wozep (weapon) {vamp, rC+ Int+2}
   (Trog gifted it to you on level 6 of the Lair of Beasts)

   It inflicts no extra harm, but heals its wielder when it wounds a living foe.
   It affects your intelligence (+2).
   It protects you from cold.
 O - the +4 spear of Hubris {pierce, rC+ Str+4}
   (You found it on level 1 of the Elven Halls)

   It inflicts extra damage upon your enemies.
   It affects your strength (+4).
   It protects you from cold.
 U - a +1 battleaxe of holy wrath
Armour
 a - a +0 shield (worn)
 f - +0 fire dragon scales
 o - a +0 pair of boots (worn)
 z - the +2 chain mail of a Hundred Lies (worn) {MR+ Int+2}
   (You found it on level 5 of the Dungeon)

   It affects your intelligence (+2).
   It affects your resistance to hostile enchantments.
 L - a +0 cloak (worn)
 M - a +0 hat of magic resistance (worn)
Jewellery
 d - an uncursed ring of protection from fire
 r - the ring "Boevvill" (left hand) {+Blink rPois rC+++ Dex+8 Stlth-}
   (You bought it in a shop on level 2 of the Orcish Mines)

   [ring of poison resistance]

   It affects your dexterity (+8).
   It renders you almost immune to cold.
   It protects you from poison.
   It lets you blink.
   It makes you less stealthy.
 t - a ring of see invisible (right hand)
 W - an amulet of the gourmand (around neck)
Wands
 w - a wand of polymorph (26)
 D - a wand of digging (10)
 K - a wand of flame (24)
 V - a wand of random effects (30)
Scrolls
 b - 2 scrolls of magic mapping
 e - 3 scrolls of fog
 i - 5 scrolls of identify
 j - 3 scrolls of summoning {unknown}
 k - 10 scrolls of teleportation
 l - 3 scrolls of noise {unknown}
 m - 2 scrolls of blinking
 n - 10 scrolls of remove curse
 p - 2 scrolls of fear
 q - a scroll of silence {unknown}
 s - 4 scrolls of enchant armour
 v - a scroll of holy word {unknown}
 B - 3 scrolls of enchant weapon
 C - 2 scrolls of vulnerability {unknown}
 N - 2 scrolls of acquirement {unknown}
 X - a scroll of torment {unknown}
Potions
 g - a potion of curing
 h - 3 potions of mutation
 x - 6 potions of lignification
 A - 4 potions of magic
 E - 4 potions of heal wounds
 F - 2 potions of agility
 G - 4 potions of haste
 H - 3 potions of ambrosia
 I - 2 potions of flight {unknown}
 J - 5 potions of berserk rage
 P - 2 potions of resistance {unknown}
 Q - 2 potions of might {unknown}
 Z - a potion of brilliance {unknown}
Books
 u - a book of Spatial Translocations

   Spells                             Type                      Level
   a - Blink                          Translocation                2
   b - Shroud of Golubria             Charms/Translocation         2
   c - Lesser Beckoning               Translocation                3
   d - Gell's Gravitas                Translocation                3
   e - Teleport Other                 Translocation                3
   f - Passage of Golubria            Translocation                4
   Trog disapproves of the use of such an item.
 S - a book of the Earth

   Spells                             Type                      Level
   a - Leda's Liquefaction            Hexes/Earth                  4
   b - Bolt of Magma                  Conjuration/Fire/Earth       5
   c - Statue Form                    Transmutation/Earth          6
   d - Iron Shot                      Conjuration/Earth            6
   e - Shatter                        Earth                        9
   Trog disapproves of the use of such an item.
 Y - a book of Maledictions

   Spells                             Type                      Level
   a - Corona                         Hexes                        1
   b - Ensorcelled Hibernation        Hexes/Ice                    2
   c - Confuse                        Hexes                        3
   d - Tukima's Dance                 Hexes                        3
   e - Dazzling Spray                 Conjuration/Hexes            3
   Trog disapproves of the use of such an item.
Miscellaneous
 R - a sack of spiders
 T - a lightning rod (4/4)
Comestibles
 c - 44 rations


   Skills:
 * Level 20.7 Fighting
 + Level 15.6 Axes
 + Level 15.6 Armour
 - Level 2.1 Dodging
 * Level 16.1 Shields


You had 15 spell levels left.
You didn't know any spells.

Dungeon Overview and Level Annotations

Branches:
Dungeon (11/15)            Temple (0/1) D:7            Lair (6/6) D:10
  Swamp (0/4) Lair:4        Snake (2/4) Lair:2        Slime (1/5) Lair:5
    Orc (2/2) D:10            Elf (1/3) Orc:2

Altars:
Ashenzari
Cheibriados
Dithmenos
Fedhas
Hepliaklqana
Makhleb
Nemelex Xobeh
Okawaru
Wu Jian
Zin

Shops:
D:10 }   Orc:2 (=[?


Innate Abilities, Weirdness & Mutations

You reflexively headbutt those who attack you in melee.
You have a pair of horns on your head.
You possess an exceptional clarity of mind.
Your mind is acute. (Int +2)
You are covered in fur. (AC +1)


Message History

You are too injured to fight recklessly!
You are too injured to fight recklessly!
You are too injured to fight recklessly!
You are too injured to fight recklessly!
You are too injured to fight recklessly!
You are too injured to fight recklessly!
You are too injured to fight recklessly!
You are too injured to fight recklessly!
You are too injured to fight recklessly!
The shock serpent hisses angrily.
The shock serpent shoots out a bolt of lightning at you!
The bolt of electricity hits you!
* * * LOW HITPOINT WARNING * * *
The shock serpent shoots out a bolt of lightning at you!
The bolt of electricity hits you!
* * * LOW HITPOINT WARNING * * *
The shock serpent shoots out a bolt of lightning at you!
The bolt of electricity hits the shock serpent.
The shock serpent completely resists.
The bolt of electricity hits you!
You die...

(.# #.....###.. #.#
##.......#.. ##.###
#........#..
##...#.####......###..
##....##...###.).##....
####......#.....##.##.....
#.......###...............
....S...S.....)..####...##
........#@......##..#...#
........##..(...#...##.##
.........#......#....#.#
.........#...####......#
.........#...#.........#
#.......####.##........###
......# ...#...........
###(..........
####........


You could see 2 shock serpents.

Vanquished Creatures
  Rupert (Lair:3)
  Gastronok (D:8)
  Roxanne (Snake:1)
  An orc warlord (Orc:1)
  A deep elf elementalist (Elf:1)
  A stone giant (Orc:1)
  Nessos (Orc:2)
  2 deep elf annihilators (Elf:1)
  7 dire elephants
  A deep elf death mage (Elf:1)
  Harold (Lair:2)
  5 hydras
  Erica (Lair:1)
  3 anacondas
  5 dancing weapons
  11 death yaks
  4 ogre magi (Orc:2)
  16 two-headed ogres
  An orc high priest (Elf:1)
  A naga sharpshooter (Snake:2)
  6 deep elf knights (Elf:1)
  2 shock serpents (Snake:1)
  Sonja (D:10)
  2 sea snakes (Snake:1)
  2 naga ritualists
  5 wizards (Volcano)
  3 orc knights
  A lindwurm (Lair:6)
  4 deep elf archers (Elf:1)
  Pikel (D:4)
  4 necromancers (Elf:1)
  23 deep elf magi
  An orc sorcerer (Orc:1)
  A manticore (D:11)
  A salamander (shapeshifter) (Elf:1)
  An ugly thing (D:11)
  3 mana vipers
  3 salamanders (Snake:1)
  18 elephants
  5 toenail golems (Volcano)
  Maurice (D:8)
  11 black mambas
  A torpor snail (Lair:4)
  Psyche (D:8)
  2 molten gargoyles (Lair:4)
  4 naga magi
  A rime drake (Lair:3)
  9 spiny frogs
  8 komodo dragons
  A queen bee (D:9)
  7 trolls
  8 blink frogs
  12 dream sheep
  12 hippogriffs
  4 wraiths (D:10)
  2 water elementals (Elf:1)
  12 yaks
  6 basilisks
  6 nagas
  2 wargs
  12 water moccasins
  10 porcupines
  25 orc warriors
  2 ice beasts
  An eye of draining (D:11)
  A phantom (D:4)
  5 sky beasts
  2 black bears
  A necrophage (D:9)
  19 wolves
  32 ogres
  9 centaurs
  10 crocodiles
  2 big kobolds
  3 elf zombies (Elf:1)
  6 bullfrogs
  A gnoll sergeant (Orc:1)
  2 wyvern zombies
  A wyvern skeleton (D:9)
  3 elf skeletons (D:6)
  4 scorpions
  22 killer bees
  9 wights
  A howler monkey (D:6)
  8 electric eels
  3 bullfrog zombies (Ossuary)
  4 centaur zombies
  5 crimson imps
  2 jellies
  5 lava snakes (Lair:4)
  A human zombie (D:6)
  A gnoll shaman (D:7)
  5 hounds
  13 orc priests
  27 orc wizards
  Jessica (D:2)
  4 centaur skeletons
  A human skeleton (D:6)
  5 iguanas
  Terence (D:2)
  12 hell rats
  10 worker ants
  2 killer bee zombies
  A hound zombie (D:8)
  A hound skeleton (D:11)
  13 mummies (Ossuary)
  4 worker ant zombies
  12 adders
  16 gnolls
  2 shadow imps
  5 oozes
  An adder skeleton (D:4)
  3 adder zombies (Ossuary)
  4 worms
  A dart slug (D:4)
  A leopard gecko (D:5)
  67 orcs
  6 bats
  5 giant cockroaches
  8 goblins
  11 hobgoblins
  19 jackals
  7 quokkas
  A ball python (D:2)
  6 frilled lizards
  A jackal skeleton (D:5)
  A jackal zombie (Ossuary)
  36 kobolds
  3 leopard gecko skeletons
  3 leopard gecko zombies (Ossuary)
  An orc zombie (D:6)
  2 quokka skeletons
  2 quokka zombies (Ossuary)
  3 rats
  4 fungi
  2 plants
807 creatures vanquished.

Vanquished Creatures (collateral kills)
  A hydra (Lair:2)
  A dancing weapon (Elf:1)
  A deep elf knight (Elf:1)
  A deep elf archer (Elf:1)
  A troll (Orc:1)
  A warg (Orc:1)
  An orc warrior (Orc:1)
  An ogre (Orc:1)
  An orc priest (Orc:1)
  An orc wizard (Orc:1)
  2 orcs (Orc:1)
12 creatures vanquished.

Vanquished Creatures (others)
  A crocodile (Lair:5)
  A hound (D:5)
  An orc wizard (Orc:2)
  3 bushes (Lair:6)
  A butterfly (Lair:5)
  3 fungi
  10 plants
20 creatures vanquished.

Grand Total: 839 creatures vanquished

Notes
Turn   | Place    | Note
-------+----------+-------------------------------------------
     0 | D:1      | Frisk the Minotaur Berserker began the quest for the Orb.
     0 | D:1      | Reached XP level 1. HP: 19/19 MP: 0/0
    74 | D:1      | Reached XP level 2. HP: 14/27 MP: 1/1
   278 | D:1      | Reached skill level 4 in Fighting
   700 | D:1      | Reached XP level 3. HP: 30/33 MP: 2/2
   921 | D:2      | Noticed Jessica
   926 | D:2      | Reached ** piety under Trog
   937 | D:2      | Killed Jessica
  1099 | D:2      | Reached XP level 4. HP: 29/41 MP: 3/3
  1305 | D:2      | Found a shattered altar of Ashenzari.
  1307 | D:2      | Noticed Terence
  1318 | D:2      | Killed Terence
  1699 | D:3      | Reached skill level 5 in Fighting
  1699 | D:3      | Reached skill level 5 in Axes
  1699 | D:3      | Reached XP level 5. HP: 34/48 MP: 4/4
  1993 | D:3      | Reached *** piety under Trog
  2088 | D:3      | Found a shadowy altar of Dithmenos.
  2116 | D:3      | Found a snail-covered altar of Cheibriados.
  2398 | D:4      | Noticed a phantom
  2847 | D:4      | Killed a phantom
  2847 | D:4      | Reached skill level 5 in Armour
  2847 | D:4      | Reached XP level 6. HP: 19/57 MP: 5/5
  3083 | D:4      | Reached skill level 6 in Fighting
  3461 | D:4      | HP: 2/57 [ogre/giant club (24)]
  3847 | D:4      | Reached XP level 7. HP: 45/64 MP: 6/6
  4070 | D:4      | Reached **** piety under Trog
  4422 | D:5      | Entered Level 5 of the Dungeon
  4501 | D:5      | Reached skill level 7 in Fighting
  4523 | D:5      | Noticed Pikel
  4704 | D:4      | Killed Pikel
  4704 | D:4      | Reached skill level 8 in Fighting
  4704 | D:4      | Reached XP level 8. HP: 66/75 MP: 7/7
  4914 | D:5      | Got a smoking chain mail
  4987 | D:5      | Reached skill level 9 in Fighting
  4998 | D:5      | Identified the +2 chain mail of a Hundred Lies {MR+ Int+2} (You found it on level 5 of the Dungeon)
  5799 | D:6      | Found a blossoming altar of Fedhas.
  5959 | D:6      | Found a sand-covered staircase.
  5963 | D:6      | Reached skill level 10 in Fighting
  5963 | D:6      | Reached XP level 9. HP: 62/85 MP: 8/8
  5967 | Ossuary  | Entered an ossuary
  6149 | Ossuary  | Reached ***** piety under Trog
  6660 | D:6      | Found an ornate altar of the Wu Jian Council.
  7070 | D:7      | Reached skill level 11 in Fighting
  7245 | D:7      | Found a burning altar of Makhleb.
  7254 | D:7      | Found a glowing silver altar of Zin.
  7254 | D:7      | Noticed an Executioner
  7254 | D:7      | Noticed an angel
  7353 | D:7      | Found a staircase to the Ecumenical Temple.
  7548 | D:8      | Noticed Maurice
  7586 | D:8      | Killed Maurice
  7586 | D:8      | Reached XP level 10. HP: 79/97 MP: 9/9
  7616 | D:8      | Reached skill level 12 in Fighting
  7675 | D:8      | Noticed Gastronok
  7716 | D:8      | Killed Gastronok
  7716 | D:8      | Reached skill level 10 in Axes
  7716 | D:8      | Reached skill level 10 in Armour
  7725 | D:8      | Reached skill level 13 in Fighting
  8131 | D:8      | Reached ****** piety under Trog
  8179 | D:8      | Received a gift from Trog
  8256 | D:8      | Noticed Psyche
  8258 | D:8      | Found a sparkling altar of Nemelex Xobeh.
  8263 | D:8      | Killed Psyche
  8796 | D:9      | Reached XP level 11. HP: 81/108 MP: 10/10
  9129 | D:9      | Found an iron altar of Okawaru.
  9221 | D:9      | Reached skill level 14 in Fighting
  9492 | D:9      | Found a hazy altar of Hepliaklqana.
  9754 | D:10     | Entered Level 10 of the Dungeon
  9787 | D:10     | Noticed a two-headed ogre
  9797 | D:10     | Found Leclixke's Gadget Shoppe.
  9804 | D:10     | Killed a two-headed ogre
 10035 | D:10     | Noticed a two-headed ogre
 10049 | D:10     | Killed a two-headed ogre
 10096 | D:10     | Reached skill level 1 in Shields
 10099 | D:10     | Found the +5 scythe "Finisher" {speed, Str+3}
 10505 | D:10     | Received a gift from Trog
 10505 | D:10     | Reached skill level 15 in Fighting
 10683 | D:10     | Noticed Sonja
 10688 | D:10     | Killed Sonja
 10749 | D:10     | Found a staircase to the Orcish Mines.
 10764 | D:10     | Found a staircase to the Lair.
 10930 | Lair:1   | Entered Level 1 of the Lair of Beasts
 10972 | D:10     | Gained mutation: You possess an exceptional clarity of mind. [potion of mutation]
 10972 | D:10     | Gained mutation: Your mind is acute. (Int +2) [potion of mutation]
 10972 | D:10     | Gained mutation: You are covered in fur. (AC +1) [potion of mutation]
 11798 | Lair:1   | Noticed a six-headed hydra
 12113 | Lair:1   | Killed a six-headed hydra
 12113 | Lair:1   | Reached XP level 12. HP: 93/121 MP: 11/11
 12316 | Lair:1   | Noticed Erica
 12330 | Lair:1   | Reached skill level 5 in Shields
 12334 | Lair:1   | Killed Erica
 12589 | Lair:1   | Received a gift from Trog
 13250 | Lair:1   | Noticed a six-headed hydra
 13256 | Lair:1   | Killed a six-headed hydra
 13256 | Lair:1   | Reached skill level 16 in Fighting
 13926 | Lair:2   | Noticed Harold
 13952 | Lair:2   | Killed Harold
 14366 | Lair:2   | Noticed a seven-headed hydra
 14368 | Lair:2   | Killed a seven-headed hydra
 14432 | Lair:2   | Found a staircase to the Snake Pit.
 14479 | Lair:2   | Reached XP level 13. HP: 87/130 MP: 12/12
 15720 | Lair:3   | Received a gift from Trog
 16317 | Lair:4   | Reached skill level 17 in Fighting
 16326 | Lair:4   | Noticed Rupert
 16796 | Lair:3   | Killed Rupert
 17034 | Lair:4   | Found a staircase to the Swamp.
 17049 | Lair:4   | Reached skill level 10 in Shields
 18242 | Lair:5   | Found a staircase to the Slime Pits.
 18253 | Lair:5   | Received a gift from Trog
 18280 | Lair:5   | Noticed a dire elephant
 18296 | Lair:5   | Killed a dire elephant
 20299 | Orc:1    | Entered Level 1 of the Orcish Mines
 20316 | Orc:1    | Reached XP level 14. HP: 141/141 MP: 13/13
 20955 | Orc:2    | Entered Level 2 of the Orcish Mines
 21138 | Orc:2    | Noticed a stone giant
 21153 | Orc:2    | Noticed Nessos
 21433 | Orc:1    | Killed a stone giant
 21433 | Orc:1    | Reached skill level 18 in Fighting
 22355 | Orc:2    | Killed Nessos
 22558 | Orc:2    | Received a gift from Trog
 22661 | Orc:2    | Found a staircase to the Elven Halls.
 22736 | Orc:1    | Noticed an orc warlord
 22754 | Orc:1    | Killed an orc warlord
 24263 | Orc:2    | Received a gift from Trog
 24945 | Orc:2    | Found Raryl's Armour Emporium.
 24945 | Orc:2    | Found Vizeapho's Antique Weapon Boutique.
 24946 | Orc:2    | Found Kuodyzae's Magic Scroll Shop.
 24946 | Orc:2    | Found Memutaw's Jewellery Emporium.
 24956 | Orc:2    | Bought a scroll of enchant weapon for 105 gold pieces
 24957 | Orc:2    | Bought the ring "Boevvill" {+Blink rPois rC+++ Dex+8 Stlth-} for 1519 gold pieces
 24957 | Orc:2    | Bought a cursed ring of see invisible for 216 gold pieces
 25220 | Lair:6   | Entered Level 6 of the Lair of Beasts
 25227 | Lair:6   | Reached skill level 19 in Fighting
 25309 | Lair:6   | Found a dark tunnel.
 25317 | Volcano  | Entered a volcano
 25393 | Volcano  | Reached XP level 15. HP: 144/152 MP: 4/14
 26973 | Lair:6   | Received a gift from Trog
 26978 | Lair:6   | Got a smoking war axe {god gift}
 26979 | Lair:6   | Identified the +2 war axe of Wozep {vamp, rC+ Int+2} (Trog gifted it to you on level 6 of the Lair of Beasts)
 27333 | Slime:1  | Entered Level 1 of the Pits of Slime
 27333 | Slime:1  | Noticed an acid blob
 27333 | Slime:1  | Noticed an acid blob
 28263 | Elf:1    | Entered Level 1 of the Elven Halls
 28385 | Elf:1    | Reached skill level 15 in Armour
 28527 | Elf:1    | Reached skill level 15 in Axes
 29098 | Elf:1    | Reached skill level 20 in Fighting
 29116 | Elf:1    | Reached skill level 15 in Shields
 29124 | Elf:1    | Got a bloodstained spear
 29132 | Elf:1    | Identified the +4 spear of Hubris {pierce, rC+ Str+4} (You found it on level 1 of the Elven Halls)
 29266 | Elf:1    | Received a gift from Trog
 29293 | Elf:1    | HP: 1/155 [something/shard of ice (26)]
 29945 | Elf:1    | Reached XP level 16. HP: 120/163 MP: 15/15
 30857 | Snake:1  | Entered Level 1 of the Snake Pit
 30870 | Snake:1  | Received a gift from Trog
 30920 | Snake:1  | Noticed Roxanne
 30950 | Snake:1  | Killed Roxanne
 32234 | Snake:2  | Killed from afar by a shock serpent

Vault maps used:
D:1:      dpeg_arrival_water_altar
D:2:      evilmike_ruin_ashenzari, uniq_jessica, uniq_terence
D:3:      old_standard_altar, nicolae_overflow_crystal_walls, first_ration
D:4:      kennysheep_kobold_camp
D:5:      uniq_pikel
D:6:      fedhas_altar_1, lemuel_coloured_pillars_altar,
          nicolae_ossuary_entry_catacombs
D:7:      grunt_temple_overflow_order_and_chaos_2, minmay_temple_entry_fiery
D:8:      nemelex_altar_shiori, uniq_psyche, uniq_maurice, uniq_gastronok
D:9:      minmay_goldmine, kennysheep_mini, kennysheep_okawaru_gauntlet,
          serial_bayou, serial_bayou_pond_c, serial_bayou_pond_d,
          serial_bayou_pond_c, serial_bayou_pond_e, david_nohive_1,
          lemuel_flamethrower_1
D:10:     david_lair_generic, serial_shops, nicolae_shop_behind_doors,
          minmay_crystal_water, minmay_guarded_unrand_finisher, uniq_sonja
Lair:1:   beast_lair_carwin_large_2, serial_bayou_shore_a, uniq_erica
Lair:2:   dummy_snake_entry, minivault_26, st_stairs_11, beast_lair_carwin_2,
          grunt_megastairs_2, lemuel_fruit_fields, lemuel_fruit_tree,
          uniq_harold
Lair:4:   cheibrodos_magma_flow, swamp_mist, beast_lair_carwin_5,
          infiniplex_staircase_pool, grunt_megastairs_3, lemuel_fruit_fields,
          uniq_rupert
Lair:5:   beast_lair_carwin_large_1, nicolae_slime_entry_slimehenge,
          minivault_25
Lair:6:   due_jungle_book, nicolae_volcano_entry_vermiform, grunt_megastairs_5
Snake:1:  grunt_ministairs_15, guppyfry_snake_island, uniq_roxanne
Snake:2:  uniq_aizul
Slime:1:  special_room
Orc:2:    st_orc_ogre_mass, uniq_nessos
Elf:1:    minmay_elf_arrival_plus, minmay_elf_necromancy, hex_large
Ossuary:  ossuary_zaba_flooded
Volcano:  volcano_bunker

Skill      XL: |  1  2  3  4  5  6  7  8  9 10 11 12 13 14 15 16 |
---------------+-------------------------------------------------+-----
Axes           | 4 5 6 7 8 9 11 12 13 14 15 | 15.6
Fighting       | 4 5 6 8 10 11 13 15 16 17 19 20 | 20.7
Armour         | 3 4 5 6 7 9 10 11 12 13 14 15 | 15.6
Shields        | 4 8 11 13 15 16 | 16.1
Dodging        | |  2.1

Action                   |  1- 3 |  4- 6 |  7- 9 | 10-12 | 13-15 | 16-18 || total
-------------------------+-------+-------+-------+-------+-------+-------++-------
Melee: Hand axe          |    75 |   157 |   387 |   645 |   454 |       ||  1718
       Headbutt          |     9 |    35 |    91 |   157 |   378 |    63 ||   733
       Scythe            |       |       |       |    56 |       |       ||    56
       Mace              |       |       |       |    16 |       |       ||    16
       Flail             |       |       |       |       |   208 |       ||   208
       War axe           |       |       |       |       |   569 |   192 ||   761
Invok: Berserk           |       |     1 |     2 |     8 |    14 |     3 ||    28
       Brothers in Arms  |       |       |       |     2 |     4 |       ||     6
       Burn Spellbooks   |       |       |       |       |     2 |     1 ||     3
Evoke: Wand              |       |       |       |       |     1 |       ||     1
  Use: Scroll            |       |     1 |     1 |     1 |    21 |     4 ||    28
       Potion            |       |       |       |     5 |     4 |       ||     9
 Stab: Distracted        |       |       |       |       |     1 |       ||     1
  Eat: Chunk             |       |     7 |    10 |    20 |    82 |    10 ||   129
       Ration            |       |     1 |     1 |     3 |       |       ||     5
Armor: Animal skin       |     7 |    16 |       |       |       |       ||    23
       Chain mail        |       |     7 |   155 |   312 |   439 |    51 ||   964
       Skin              |       |       |       |     7 |       |       ||     7
Dodge: Dodged            |    48 |    82 |   122 |   297 |   324 |    37 ||   910
Block: Shield            |       |       |       |       |   639 |   110 ||   749

Table legend:
 A = Spawn XP
 B = Non-spawn XP
 C = Spawn XP percentage of total XP
 D = Spawn monster count
 E = Non-spawn monster count
 F = Spawn count percentage of total count
 G = Total turns spent on level
                    A         B        C        D         E        F      G
               +---------+---------+-------+---------+---------+-------+---------
         Total |       0 |  180217 |   0.0 |       0 |     814 |   0.0 | 32234
               +---------+---------+-------+---------+---------+-------+---------
           D:1 |       0 |      44 |   0.0 |       0 |      24 |   0.0 |   921
           D:2 |       0 |     139 |   0.0 |       0 |      21 |   0.0 |   755
           D:3 |       0 |     136 |   0.0 |       0 |      28 |   0.0 |  1557
           D:4 |       0 |    1211 |   0.0 |       0 |      38 |   0.0 |  1348
           D:5 |       0 |     614 |   0.0 |       0 |      18 |   0.0 |  1052
           D:6 |       0 |     911 |   0.0 |       0 |      25 |   0.0 |   875
           D:7 |       0 |    1199 |   0.0 |       0 |      30 |   0.0 |   543
           D:8 |       0 |    5281 |   0.0 |       0 |      49 |   0.0 |  1164
           D:9 |       0 |    2222 |   0.0 |       0 |      36 |   0.0 |  1241
          D:10 |       0 |    7527 |   0.0 |       0 |      45 |   0.0 |  2607
          D:11 |       0 |    2676 |   0.0 |       0 |      25 |   0.0 |   801
        Lair:1 |       0 |    9598 |   0.0 |       0 |      40 |   0.0 |  1830
        Lair:2 |       0 |    9603 |   0.0 |       0 |      32 |   0.0 |  1204
        Lair:3 |       0 |    7965 |   0.0 |       0 |      26 |   0.0 |  2022
        Lair:4 |       0 |    8915 |   0.0 |       0 |      26 |   0.0 |  2042
        Lair:5 |       0 |    7421 |   0.0 |       0 |      25 |   0.0 |  1425
        Lair:6 |       0 |   20775 |   0.0 |       0 |      42 |   0.0 |  1662
       Snake:1 |       0 |   12376 |   0.0 |       0 |      23 |   0.0 |  1159
       Snake:2 |       0 |    6265 |   0.0 |       0 |      13 |   0.0 |   218
         Orc:1 |       0 |   10669 |   0.0 |       0 |      54 |   0.0 |  2732
         Orc:2 |       0 |   22576 |   0.0 |       0 |      93 |   0.0 |  2221
         Elf:1 |       0 |   34358 |   0.0 |       0 |      58 |   0.0 |  1942
       Ossuary |       0 |     759 |   0.0 |       0 |      32 |   0.0 |   456
       Volcano |       0 |    6977 |   0.0 |       0 |      11 |   0.0 |   455
               +---------+---------+-------+---------+---------+-------+---------
